 Dungeon Crawl Stone Soup version 0.26-a0-652-gafc20e3620 (webtiles) character file.

Game seed: 8738296522579380297

147 DogServant the Digger (level 5, -1/44 HPs)
             Began as a Deep Dwarf Earth Elementalist on Oct 3, 2020.
             Slain by a gnoll
             ... wielding a +0 spear
              (5 damage)
             ... on level 3 of the Dungeon.
             The game lasted 00:05:08 (2065 turns).

DogServant the Digger (DDEE)                        Turns: 2065, Time: 00:05:08

Health: -1/44      AC:  3    Str: 13    XL:     5   Next: 7%
Magic:  5/8        EV: 12    Int: 15    God:
Gold:   115        SH:  0    Dex: 13    Spells: 4/8 levels left

rFire    . . .     SeeInvis .   n - +4 club (spect)
rCold    . . .     Faith    .   (no shield)
rNeg     . . .     Spirit   .   m - +0 leather armour
rPois    .         Reflect  .   (no helmet)
rElec    .         Harm     .   (no cloak)
rCorr    .         Rampage  .   (no gloves)
MR       .....                  (no boots)
Stlth    ++........             (no amulet)
HPRegen  0.00/turn              (no ring)
MPRegen  0.11/turn              (no ring)

@: non-regenerating
A: damage resistance, heal wounds, sense surroundings 1, no regeneration
a: Heal Wounds


You were on level 3 of the Dungeon.
You visited 1 branch of the dungeon, and saw 3 of its levels.

You collected 115 gold pieces.

Inventory:

Hand Weapons
 g - a +0 club
 h - a +1 dagger of venom
 n - a +4 spectral club (weapon)
Missiles
 b - 75 stones (quivered)
Armour
 c - a +0 robe
 m - a +0 leather armour (worn)
Jewellery
 r - an uncursed amulet of faith {unknown}
Scrolls
 e - a scroll of identify
 j - 2 scrolls of remove curse
 p - a scroll of enchant weapon {unknown}
 q - a scroll of amnesia {unknown}
Potions
 a - 2 potions of curing
 i - a potion of berserk rage {unknown}
 k - a potion of haste {unknown}
 l - a potion of stabbing {unknown}


   Skills:
 - Level 1.0 Fighting
 + Level 1.2 Maces & Flails
 - Level 1.1 Armour
 - Level 2.1 Dodging
 - Level 2.4 Stealth
 - Level 2.3 Spellcasting
 + Level 1.1 Conjurations
   Level 0.8 Transmutations
 + Level 5.5 Earth Magic
 + Level 2.0 Evocations


You had 4 spell levels left.
You knew the following spells:

 Your Spells              Type           Power        Failure   Level
a - Sandblast             Erth           ###...       2%          1
b - Stone Arrow           Conj/Erth      ##....       21%         3

Your spell library contained the following spells:

 Spells                   Type           Power        Failure   Level
 Passwall                 Tmut/Erth      ##......     11%         2
 Petrify                  Tmut/Erth      ##......     58%         4
 Lee's Rapid Deconstruct  Erth           ###.......   61%         5


Dungeon Overview and Level Annotations

Branches:
Dungeon (3/15)

Altars:
Fedhas


Innate Abilities, Weirdness & Mutations

You are resistant to damage.
You can heal yourself by infusing magical energy.
You passively map a small area around you.
You do not regenerate.


Message History

The gnoll misses you.
You hit the gnoll.
You draw out your weapon's spirit!
The gnoll is moderately wounded.
The gnoll barely misses you.
You feel much better. The gnoll hits you with a +0 spear!
You closely miss the gnoll.
The gnoll is lightly wounded.
The gnoll hits you with a +0 spear!
* * * LOW HITPOINT WARNING * * *
You hit the gnoll.
The gnoll is heavily wounded.
The gnoll hits you with a +0 spear!
* * * LOW HITPOINT WARNING * * *
You hit the gnoll.
The gnoll is heavily wounded.
The gnoll misses you. The gnoll barely misses you.
You hit the gnoll.
The gnoll is almost dead.
The gnoll hits you with a +0 spear.
You die...

, * #.#.. ,#. ,
, ..... , #. , *
* #.#..# #. , **
, , , , < # #. *
* * ### .##. ,
,, ,.... .... *
* * .... , .##.
##.#########..#
######.
.......(@gg)..#,
,.......
##.##########.#
######. ,
....... ######.
* #. *** #. , ##
## , #.


You could see 2 gnolls and a friendly +4 spectral club (summoned).

Vanquished Creatures
  Robin (D:1)
  4 gnolls (D:3)
  3 adders (D:2)
  2 worms (D:2)
  2 dart slugs (D:1)
  3 leopard geckos
  2 giant cockroaches
  7 goblins (D:2)
  6 hobgoblins
  4 jackals (D:2)
  5 kobolds
  2 quokkas
  9 bats
  3 frilled lizards
  4 rats (D:1)
57 creatures vanquished.

Notes
Turn   | Place    | Note
-------+----------+-------------------------------------------
     0 | D:1      | DogServant the Deep Dwarf Earth Elementalist began the
                  | quest for the Orb.
     0 | D:1      | Reached XP level 1. HP: 15/15 MP: 3/3
   216 | D:1      | Reached XP level 2. HP: 16/22 MP: 1/5
   834 | D:2      | Found a blossoming altar of Fedhas.
   868 | D:2      | Noticed Robin
   881 | D:2      | Reached XP level 3. HP: 19/28 MP: 3/6
   913 | D:1      | Killed Robin
   977 | D:2      | Reached skill level 5 in Earth Magic
  1054 | D:2      | Reached skill level 1 in Armour
  1179 | D:2      | Learned a level 3 spell: Stone Arrow
  1246 | D:2      | Reached skill level 1 in Fighting
  1362 | D:2      | Reached skill level 1 in Evocations
  1362 | D:2      | Reached XP level 4. HP: 31/38 MP: 4/7
  1882 | D:3      | Reached skill level 1 in Maces & Flails
  1882 | D:3      | Reached skill level 1 in Conjurations
  2023 | D:3      | Reached XP level 5. HP: 11/44 MP: 8/8
  2065 | D:3      | Slain by a gnoll

Illustrated notes

Levels and vault maps discovered:
D:1:      ncdulo_watergridlock, layout_loops_ring
D:2:      minmay_inner_zag, layout_basic, fedhas_altar_2, uniq_robin
D:3:      layout_basic, kennysheep_generic_room_13

Skill      XL: |  1  2  3  4  5 |
---------------+----------------+-----
Spellcasting   | 2 |  2.3
Earth Magic    | 5 |  5.5
Armour         | 1 |  1.1
Fighting       | 1 |  1.0
Evocations     | 1 2 |  2.0
Maces & Flails | 1 |  1.2
Conjurations   | 1 |  1.1
Dodging        | |  2.1
Stealth        | |  2.4
Transmutations | |  0.8

Action                   |  1- 3 |  4- 6 || total
-------------------------+-------+-------++-------
Melee: Unarmed           |     7 |       ||     7
       Dagger            |    28 |       ||    28
       Club              |    26 |    37 ||    63
 Cast: Sandblast         |    37 |    21 ||    58
 Abil: Heal Wounds       |     2 |     1 ||     3
  Use: Scroll            |       |     5 ||     5
 Stab: Sleeping          |     7 |       ||     7
Armor: Robe              |     4 |       ||     4
       Leather armour    |     6 |    19 ||    25
Dodge: Dodged            |    53 |    47 ||   100

Table legend: (Time is in decaauts)
 A = Elapsed time spent in this place.
 B = Non-inter-level travel time spent in this place.
 C = Inter-level travel time spent in this place.
 D = Time resting spent in this place.
 E = Time spent auto-exploring this place.
 F = Levels seen in this place.
 G = Mean time per level.
                   A        B        C        D        E       F      G
               +--------+--------+--------+--------+--------+-----+--------+
         Total |   2086 |   2013 |     73 |    268 |   1298 |   3 |  695.3 |
       Dungeon |   2086 |   2013 |     73 |    268 |   1298 |   3 |  695.3 |
               +--------+--------+--------+--------+--------+-----+--------+

Top non-repeatable levels by time:
     D:2: 981 daAuts
     D:1: 898 daAuts
     D:3: 207 daAuts
